 Dungeon Crawl Stone Soup version 0.24-a0-778-g74da537 (webtiles) character file.

Game seed: 4699191694973518495, levelgen mode: deterministic

4826 BoppinsLewinski the Spear-Bearer (level 10, -19/61 HPs)
             Began as a Tengu Gladiator on Oct 7, 2019.
             Was a Priest of Okawaru.
             Killed from afar by a fire dragon (46 damage)
             ... with a blast of flame
             ... on level 9 of the Dungeon.
             The game lasted 00:22:07 (8545 turns).

BoppinsLewinski the Spear-Bearer (Tengu Gladiator)  Turns: 8545, Time: 00:22:08

Health: -19/61     AC: 16    Str: 18    XL:     10   Next: 49%
Magic:  12/14      EV: 17    Int:  9    God:    Okawaru [***...]
Gold:   599        SH:  0    Dex: 15    Spells: 9/9 levels left

rFire    . . .     SeeInvis .   t - +5 halberd
rCold    . . .     Gourm    .   (shield currently unavailable)
rNeg     . . .     Faith    .   g - +0 chain mail {rPois}
rPois    +         Spirit   .   r - +1 hat
rElec    .         Reflect  .   o - +2 cloak
rCorr    +         Harm     .   (no gloves)
MR       +....                  (boots unavailable)
Stlth    ..........             (no amulet)
HPRegen  0.20/turn              l - ring of resist corrosion
MPRegen  0.14/turn              y - ring of protection from magic

@: heroism, flying quickly and evasively, hasted, very quick
A: beak, talons 3, able to fly
a: Stop Flying, Heroism, Renounce Religion


You were on level 9 of the Dungeon.
You worshipped Okawaru.
Okawaru was most pleased with you.
You were not hungry.

You visited 1 branch of the dungeon, and saw 9 of its levels.
You also visited: Ossuary.

You collected 599 gold pieces.

Inventory:

Hand Weapons
 j - a +0 scythe
 t - a +5 halberd (weapon)
Armour
 g - a +0 chain mail of poison resistance (worn)
 o - a +2 cloak (worn)
 r - a +1 hat (worn)
 v - a +0 plate armour
Jewellery
 l - a ring of resist corrosion (left hand)
 y - a ring of protection from magic (right hand)
 C - a +4 ring of protection
 D - an uncursed ring of ice {unknown}
Wands
 a - a wand of digging (4)
 c - a wand of iceblast (8)
 k - a wand of acid (4)
 s - a wand of polymorph (2)
 E - a wand of random effects (18)
Scrolls
 b - 4 scrolls of immolation
 d - 2 scrolls of amnesia
 e - 2 scrolls of magic mapping
 h - 2 scrolls of fog {unknown}
 m - a scroll of random uselessness {unknown}
 n - 4 scrolls of remove curse
 p - 5 scrolls of teleportation {unknown}
 u - a scroll of noise {unknown}
 z - a scroll of blinking {unknown}
 B - 2 scrolls of holy word {unknown}
 F - a scroll of summoning {unknown}
Potions
 i - 2 potions of ambrosia
 q - 2 potions of mutation
 w - 3 potions of curing
 x - a potion of haste
 A - 3 potions of heal wounds {unknown}
 G - a potion of magic {unknown}
Comestibles
 f - 16 rations


   Skills:
 + Level 6.6(11.6) Fighting
 * Level 10.3(15.3) Polearms
 - Level 2.0(7.0) Throwing
 + Level 6.8(11.8) Armour
 + Level 7.7(12.7) Dodging
 + Level 0.3 Invocations
 + Level 5.1 Evocations


You had 9 spell levels left.
You didn't know any spells.
Your spell library contained the following spells:

 Spells                   Type           Power        Failure   Level  Hunger
 Animate Skeleton         Necr           N/A          97%         1    ##.....
 Apportation              Tloc           #.....       97%         1    ##.....
 Confusing Touch          Hex            #.....       97%         1    ##.....
 Magic Dart               Conj           #...         97%         1    ##.....
 Sandblast                Erth           #.....       97%         1    ##.....
 Summon Small Mammal      Summ           #...         97%         1    ##.....
 Passwall                 Tmut/Erth      #.......     99%         2    ###....
 Searing Ray              Conj           #.....       99%         2    ###....
 Dazzling Spray           Conj/Hex       #.....       100%        3    ####...
 Stone Arrow              Conj/Erth      #.....       100%        3    ####...
 Force Lance              Conj/Tloc      #.......     100%        4    #####..
 Fulminant Prism          Conj/Hex       #.........   100%        4    #####..
 Iskenderun's Mystic Bla  Conj           #.......     100%        4    #####..
 Petrify                  Tmut/Erth      #.......     100%        4    #####..
 Lee's Rapid Deconstruct  Erth           #.........   100%        5    ######.


Dungeon Overview and Level Annotations

Branches:
Dungeon (9/15)             Temple (0/1) D:7         Ossuary (visited)
   Lair: D:8-11         Orc: D:9-12

Altars:
Elyvilon
Fedhas
Kikubaaqudgha
Makhleb
Nemelex Xobeh
Okawaru
Sif Muna
Trog
Uskayaw
Wu Jian
Yredelemnul
The Shining One

Shops:
D:5 ?


Innate Abilities, Weirdness & Mutations

You have a beak for a mouth.
You have claws for feet.
You can fly continuously.


Message History

Press: ? - help, Shift-Dir - straight line, f/p - fire dragon
Aim: a fire dragon (lightly wounded) Tha bolt o' acid hits tha fire dragon!
Tha fire dragon be splashed wit' acid.
Tha fire dragon be moderately wounded.
Tha fire dragon breathas flames at ye.
Tha blast o' flame hits ye!!!
Ouch! Tha re'lly hurt!
Ye feel better.
Evoke which item? (* ta show all) (? fer menu, 'sc ta quit) Aimin': Iceblast
Press: ? - help, Shift-Dir - straight line, f/p - fire dragon
Aim: a fire dragon (moderately wounded, catchin' its breath) Okay, than.
Unknown command.
Ye gain tha combat prowess o' a mighty hero.
Ye feel yerself speed up.
Tha fire dragon breathas flames at ye.
Tha blast o' flame hits ye!!!
Ouch! Tha re'lly hurt!
Ye die...

##..####
#......####. #...#
##......#.... #..##
##.......... #..#
### ........... ..##
#.# #........... ...
#.###............
....
#.#.##...........
#D#)#..........#
#.#@#.#........#
#.#.###.......######
#.#.#..............#
#.###.###...........
#[ ## ##..........
## #....[.## ## #
##.....# ..##
#.#....# #....
###.##...#


You could see a fire dragon.

Vanquished Creatures
  A two-headed ogre (D:8)
  A troll (D:9)
  A hippogriff (D:8)
  Grinder (D:3)
  Sigmund (D:3)
  A wyvern (D:8)
  Edmund (D:4)
  A water moccasin (D:8)
  4 ice beasts
  A sky beast (D:5)
  A phantom (D:7)
  3 centaurs
  3 ogres
  A gnoll sergeant (D:7)
  6 bullfrogs
  6 killer bees (D:8)
  2 scorpions
  6 wights
  A howler monkey (D:5)
  3 centaur zombies (Ossuary)
  A hound (D:4)
  A jelly (D:9)
  An orc priest (D:9)
  2 gnoll shamans
  4 orc wizards
  Natasha (twice) (D:3)
  An iguana (D:2)
  Ijyb (D:3)
  A worker ant (D:4)
  2 big kobold zombies (Ossuary)
  5 mummies (Ossuary)
  A worker ant zombie (D:6)
  17 gnolls
  6 adders
  5 shadow imps
  3 oozes (D:2)
  5 worms
  3 dart slugs
  5 leopard geckos
  10 orcs
  2 ball pythons
  11 bats
  8 giant cockroaches
  4 goblins
  4 hobgoblins
  8 jackals
  8 kobolds
  7 quokkas
  6 frilled lizards
  A hobgoblin zombie (Ossuary)
  2 quokka skeletons
  6 rats
188 creatures vanquished.

Vanquished Creatures (others)
  Jessica (D:3)
1 creature vanquished.

Grand Total: 189 creatures vanquished

Notes
Turn   | Place    | Note
-------+----------+-------------------------------------------
     0 | D:1      | BoppinsLewinski the Tengu Gladiator began the quest for the
                  | Orb.
     0 | D:1      | Reached XP level 1. HP: 12/12 MP: 2/2
   482 | D:1      | Reached XP level 2. HP: 17/17 MP: 3/3
   746 | D:1      | Reached skill level 1 in Armour
   781 | D:1      | Reached XP level 3. HP: 20/21 MP: 4/4
  1079 | D:2      | Reached skill level 4 in Polearms
  1133 | D:2      | Reached XP level 4. HP: 11/27 MP: 5/5
  2054 | D:2      | Gained mutation: You can fly continuously. [Tengu growth]
  2054 | D:2      | Reached XP level 5. HP: 29/32 MP: 6/6
  2236 | D:2      | Found a shimmering blue altar of Sif Muna.
  2386 | D:3      | Found a blossoming altar of Fedhas.
  2433 | D:3      | Found a basalt altar of Yredelemnul.
  2434 | D:3      | Found a white marble altar of Elyvilon.
  2584 | D:3      | Noticed Natasha
  2593 | D:3      | Killed Natasha
  2609 | D:3      | Reached skill level 5 in Polearms
  2641 | D:3      | Noticed Grinder
  2655 | D:3      | Killed Grinder
  2655 | D:3      | Reached XP level 6. HP: 10/37 MP: 7/7
  3128 | D:3      | Noticed Jessica
  3130 | D:3      | Noticed Ijyb
  3144 | D:3      | Killed Jessica
  3158 | D:3      | Noticed Natasha
  3160 | D:3      | Killed Ijyb
  3163 | D:3      | Killed Natasha
  3269 | D:3      | Found a bloodstained altar of Trog.
  3412 | D:3      | Found an ornate altar of the Wu Jian Council.
  3413 | D:3      | Found a hide-covered altar of Uskayaw.
  3480 | D:3      | Noticed Sigmund
  3488 | D:3      | Killed Sigmund
  3488 | D:3      | Reached skill level 6 in Polearms
  3488 | D:3      | Reached XP level 7. HP: 42/42 MP: 8/8
  3740 | D:4      | Reached skill level 5 in Dodging
  3840 | D:4      | Noticed Edmund
  3864 | D:4      | Found a sparkling altar of Nemelex Xobeh.
  3888 | D:4      | Killed Edmund
  3888 | D:4      | Reached skill level 1 in Evocations
  4173 | D:4      | Found a glowing golden altar of the Shining One.
  4198 | D:4      | Noticed Blork the orc
  4203 | D:4      | Noticed Blork
  4203 | D:4      | Blork the orc changed into Blork the worm
  4207 | D:4      | Killed Blork the worm
  4256 | D:4      | Reached XP level 8. HP: 40/48 MP: 9/9
  4445 | D:4      | Found a burning altar of Makhleb.
  4494 | D:5      | Entered Level 5 of the Dungeon
  4563 | D:5      | Found Taotzula's Magic Scroll Shoppe.
  4929 | D:5      | Reached skill level 7 in Polearms
  5677 | D:6      | Reached skill level 5 in Fighting
  5687 | D:6      | Found an iron altar of Okawaru.
  5695 | D:6      | Became a worshipper of Warmaster Okawaru
  5709 | D:6      | Reached skill level 8 in Polearms
  5717 | D:6      | Reached XP level 9. HP: 37/54 MP: 12/12
  5724 | D:6      | Reached skill level 5 in Armour
  6010 | D:6      | Found a sparkling altar of Nemelex Xobeh.
  6355 | D:7      | Found a staircase to the Ecumenical Temple.
  6389 | D:7      | Found a sand-covered staircase.
  6398 | Ossuary  | Entered an ossuary
  6410 | Ossuary  | Reached * piety under Okawaru
  7075 | D:7      | Found an ancient bone altar of Kikubaaqudgha.
  7130 | D:7      | You fall into a shaft and drop 2 floors!
  7271 | D:9      | Reached skill level 9 in Polearms
  7767 | D:8      | Noticed a two-headed ogre
  7770 | D:8      | Reached ** piety under Okawaru
  7775 | D:8      | Killed a two-headed ogre
  7775 | D:8      | Reached skill level 10 in Polearms
  7775 | D:8      | Reached XP level 10. HP: 47/60 MP: 12/14
  8227 | D:9      | Reached *** piety under Okawaru
  8253 | D:9      | Reached skill level 5 in Evocations
  8539 | D:9      | Noticed a fire dragon
  8545 | D:9      | Killed from afar by a fire dragon

Levels and vault maps discovered:
D:1:      minmay_arrival_solitary_statue, layout_loops_ring
D:2:      layout_basic, lemuel_blue_sif_altar, serial_forest,
          infiniplex_forest_straight_3, infiniplex_forest_clump_curved,
          infiniplex_forest_lined_room_2, infiniplex_forest_clump_medium,
          infiniplex_forest_clump_curved, first_ration, minivault_25
D:3:      layout_basic, lightli_temple_of_fire,
          nicolae_overflow_quartered_altars, fedhas_altar_1, uniq_grinder,
          uniq_sigmund, uniq_natasha, uniq_jessica, uniq_ijyb
D:4:      layout_gridville, nemelex_xobeh_ov_fountains_minmay,
          nicolae_overflow_hidden_temple, kennysheep_mini, uniq_edmund,
          uniq_blork_the_orc
D:5:      layout_cave_pods, serial_shops, shop, minmay_increasing_density
D:6:      layout_loops_ring, basic_altar, okawaru_gym_becter
D:7:      layout_rooms, kennysheep_little_box, lemuel_crystal_altar,
          minmay_temple_entry_stoned_glass, enter_ossuary_1
D:8:      layout_loops_ring
D:9:      minmay_chopped_fan, layout_layer_cave

Skill      XL: |  1  2  3  4  5  6  7  8  9 10 |
---------------+-------------------------------+-----
Armour         | 1 2 3 4 6 |  6.8
Polearms       | 4 5 6 8 10 | 10.3
Dodging        | 4 5 6 7 |  7.7
Fighting       | 3 4 5 6 |  6.6
Evocations     | 1 3 4 5 |  5.1
Throwing       | |  2.0
Invocations    | |  0.3

Action                   |  1- 3 |  4- 6 |  7- 9 | 10-12 || total
-------------------------+-------+-------+-------+-------++-------
Melee: Trident           |    93 |   127 |       |       ||   220
       Peck              |    18 |    18 |    46 |     2 ||    84
       Kick              |    13 |    34 |    59 |    13 ||   119
       Unarmed           |       |     7 |       |       ||     7
       Scythe            |       |       |   155 |       ||   155
       Halberd           |       |       |   131 |    48 ||   179
Throw: Throwing net      |     1 |     2 |     2 |       ||     5
Invok: Heroism           |       |       |     1 |     1 ||     2
 Abil: Fly               |       |       |     1 |       ||     1
Evoke: Wand              |       |       |    17 |     6 ||    23
  Use: Potion            |       |     6 |     1 |     2 ||     9
       Scroll            |       |       |     8 |       ||     8
 Stab: Held in net/web   |     1 |       |       |       ||     1
       Confused          |       |     1 |       |       ||     1
       Invisible         |       |     1 |       |       ||     1
  Eat: Chunk             |     1 |     7 |    10 |     3 ||    21
       Ration            |       |       |     1 |       ||     1
Armor: Chain mail        |    46 |    45 |   185 |    15 ||   291
       Skin              |       |     2 |       |       ||     2
Dodge: Dodged            |    33 |    41 |   162 |    28 ||   264

Table legend:
 A = Non-vault XP
 B = Vault XP
 C = Vault XP percentage of total XP
 D = Non-vault monster count
 E = Vault monster count
 F = Vault count percentage of total count
                 A         B        C        D         E       F
            +---------+---------+-------+---------+---------+-------
      Total |    5319 |    1576 |  22.9 |     163 |      25 |  13.3
            +---------+---------+-------+---------+---------+-------
        D:1 |      49 |       0 |   0.0 |      27 |       0 |   0.0
        D:2 |     156 |       0 |   0.0 |      28 |       0 |   0.0
        D:3 |      68 |     543 |  88.9 |      18 |       4 |  18.2
        D:4 |     214 |     171 |  44.4 |      14 |       2 |  12.5
        D:5 |     240 |     487 |  67.0 |      12 |       6 |  33.3
        D:6 |     895 |       0 |   0.0 |      18 |       0 |   0.0
        D:7 |     356 |       0 |   0.0 |      12 |       0 |   0.0
        D:8 |    2670 |       0 |   0.0 |      27 |       0 |   0.0
        D:9 |     671 |      97 |  12.6 |       7 |       2 |  22.2
    Ossuary |       0 |     278 | 100.0 |       0 |      11 | 100.0
            +---------+---------+-------+---------+---------+-------
